AoeStats
← Tonok

Arena

512683066Analyzed
2v2 RM · 6d ago on Oct 10, 2026· 25m 7s· 4 players
Game mode
Random Map
Map size
Medium (4 player)
Population
200
Speed
Normal
Resources
Standard
Victory
Conquest
Starting age
Dark Age
Ending age
Imperial Age
RankedLock teamsTeams togetherTeam positionsShared explorationLock speedFull tech treeHidden civsTurbo modeCheats
Victory
Defeat
🇦🇷 Khmer · Argentina
1120
+17
🇹🇼 Italians · Taiwan
1118
+18
vs
🇺🇸 Goths · United States
1164
-18
🇩🇪 Danes · Germany
1141
-17
Tonok
10:18 Feudal Age
10:09 Loom
11:20 Horse Collar
15:11 Castle Age
14:00 Scale Mail Armor
15:52 Forging
16:44 Squires
22:08 Chain Mail Armor
IsabelSabe
4:02 Loom
10:23 Feudal Age
14:38 Castle Age
12:39 Double-Bit Axe
Wick
9:52 Feudal Age
12:33 Castle Age
10:43 Double-Bit Axe
13:42 Bow Saw
19:06 Horse Collar
21:25 Gold Mining
24:50 Gold Shaft Mining
Panzer酒桃
11:28 Feudal Age
15:35 Castle Age
14:05 Double-Bit Axe
15:17 Loom
16:26 Horse Collar
18:37 Gold Mining
19:06 Bow Saw
21:48 Crossbowman
24:37 Ballistics
24:52 Thumb Ring
24:46 Fletching
Connection lost

Rejoining the realm…

Still unreachable

The connection could not be restored.

Session expired

The server has moved on; the page needs a fresh start.